Selects Canadian Shock Battlegroup
Construct Section Command Post
Selects Offensive Resupply
Selects Canadian Shock Section
Construct Platoon Command Post
Unlock M3 Stuart Light Tanks
Selects Incendiary Munitions
Construct Field Infirmary
6-pounder Anti-tank Gun Team
Construct Company Command Post
Unlock Towed 17-pounder Anti-tank Guns
17-pounder Anti-tank Gun Team
Unlock Bishop Self-propelled Artillery
Selects Churchill Crocodile Heavy Tank